 Dungeon Crawl Stone Soup version 0.26-a0-651-gb41185065b (console) character file.

Game seed: 10960939366929116933

130476 om the Swashbuckler (level 17, -2/117 HPs)
             Began as a Halfling Fighter on Sept 30, 2020.
             Was the Champion of Okawaru.
             Slain by a +1 morningstar of draining (8 damage)
             ... on level 1 of the Elven Halls.
             The game lasted 01:22:36 (35095 turns).

om the Swashbuckler (Halfling Fighter)             Turns: 35095, Time: 01:22:36

Health: -2/117     AC: 34    Str: 26    XL:     17   Next: 64%
Magic:  24/24      EV: 18    Int: 12    God:    Okawaru [******]
Gold:   1661       SH: 11    Dex: 18    Spells: 16/16 levels left

rFire    + + +     SeeInvis +   a - +0 rapier (elec)
rCold    + . .     Faith    .   N - +6 buckler "Osubb" {*Drain rElec rC+ Int+3}
rNeg     . . .     Spirit   .   S - +14 chain mail of Dithmenos's Reproof {Int+5}
rPois    +         Reflect  .   q - +2 hat
rElec    +         Harm     .   (no cloak)
rCorr    .         Rampage  .   H - +2 pair of gloves of Awuogg {Str+4}
MR       +....                  w - +2 pair of boots {run}
Stlth    +.........             Z - amulet of regeneration
HPRegen  0.69/turn              j - ring of the Ant {rPois Dex+2 Stlth+}
MPRegen  0.19/turn              W - ring "Raot" {rElec rF+++ Int-2 SInv Stlth+}

@: very heavily drained, quick
A: small, mutation resistance 1, subdued magic 1
a: Heroism, Finesse, Renounce Religion


You were on level 1 of the Elven Halls.
You worshipped Okawaru.
Okawaru was exalted by your worship.
You visited 5 branches of the dungeon, and saw 26 of its levels.
You also visited: Gauntlet.

You collected 2591 gold pieces.
You spent 930 gold pieces at shops.

Inventory:

Hand Weapons
 a - a +0 rapier of electrocution (weapon)
 b - a +0 fustibalus of flaming
 u - a +3 rapier of holy wrath
 V - a +2 short sword of flaming
Missiles
 v - 508 stones (quivered)
 M - 336 sling bullets
Armour
 q - a +2 hat (worn)
 w - a +2 pair of boots of running (worn)
 H - the +2 pair of gloves of Awuogg (worn) {Str+4}
   (You found it on level 7 of the Dungeon)

   It affects your strength (+4).
 N - the +6 buckler "Osubb" (worn) {*Drain rElec rC+ Int+3}
   (You bought it in a shop on level 2 of the Orcish Mines)

   It affects your intelligence (+3).
   It protects you from cold.
   It insulates you from electricity.
   It causes draining when unequipped.
 S - the +14 chain mail of Dithmenos's Reproof (worn) {Int+5}
   (You bought it in a shop on level 2 of the Orcish Mines)

   It affects your intelligence (+5).
 Y - a +0 kite shield of reflection
Jewellery
 j - the ring of the Ant (left hand) {rPois Dex+2 Stlth+}
   (You found it in a Gauntlet)

   [ring of poison resistance]

   It affects your dexterity (+2).
   It protects you from poison.
   It makes you more stealthy.
 I - a +4 ring of protection
 L - a +6 ring of intelligence
 R - a +6 ring of strength
 W - the ring "Raot" (right hand) {rElec rF+++ Int-2 SInv Stlth+}
   (You found it on level 13 of the Dungeon)

   [ring of see invisible]

   It affects your intelligence (-2).
   It renders you almost immune to fire.
   It insulates you from electricity.
   It lets you see invisible.
   It makes you more stealthy.
 X - an uncursed ring of protection from cold
 Z - an amulet of regeneration (around neck)
Wands
 c - a wand of digging (4)
 m - a wand of polymorph (3)
 s - a wand of acid (20)
 t - a wand of disintegration (19)
 C - a wand of flame (23)
 D - a wand of paralysis (21)
 P - a wand of iceblast (33)
Scrolls
 e - 5 scrolls of enchant armour
 f - 6 scrolls of blinking
 g - 5 scrolls of amnesia
 h - 13 scrolls of teleportation
 k - 3 scrolls of identify
 l - 6 scrolls of enchant weapon
 r - 9 scrolls of remove curse
 G - a scroll of holy word
 O - 2 scrolls of fog
 Q - 4 scrolls of magic mapping
 T - 3 scrolls of fear
Potions
 d - a potion of might
 i - 7 potions of heal wounds
 n - 2 potions of haste
 o - 3 potions of ambrosia
 p - 2 potions of invisibility
 x - 2 potions of curing
 z - a potion of lignification
 A - 5 potions of flight
 E - 4 potions of brilliance
 J - a potion of resistance
 K - a potion of berserk rage
 U - 2 potions of stabbing
Miscellaneous
 y - a phial of floods
 B - a tin of tremorstones (inert)
 F - a box of beasts (3/3)


   Skills:
 + Level 11.3(7.1) Fighting
 - Level 15.0(10.3) Short Blades
 - Level 12.0(7.7) Slings
 * Level 14.0(9.5) Armour
 * Level 14.7(10.2) Dodging
 - Level 5.0(1.4) Stealth
 - Level 5.6(1.9) Shields
 - Level 10.0(5.8) Invocations
 + Level 8.2(4.2) Evocations


You had 16 spell levels left.
You didn't know any spells.
Your spell library contained the following spells:

 Spells                   Type           Power        Failure   Level
 Animate Skeleton         Necr           #.....       90%         1
 Apportation              Tloc           #.....       90%         1
 Corona                   Hex            #......      90%         1
 Foxfire                  Conj/Fire      #...         90%         1
 Freeze                   Ice            #...         90%         1
 Magic Dart               Conj           #...         90%         1
 Pain                     Necr           #...         90%         1
 Summon Small Mammal      Summ           #...         90%         1
 Blink                    Tloc           N/A          97%         2
 Call Imp                 Summ           #.......     97%         2
 Ensorcelled Hibernation  Hex/Ice        #.....       97%         2
 Poisonous Vapours        Pois/Air       #.....       97%         2
 Slow                     Hex            #.......     97%         2
 Confusing Touch          Hex            #.......     99%         3
 Conjure Flame            Conj/Fire      #.......     99%         3
 Dazzling Flash           Conj/Hex       #.....       99%         3
 Frozen Ramparts          Ice            #.....       99%         3
 Ignite Poison            Fire/Tmut/Pois #.......     99%         3
 Inner Flame              Hex/Fire       #.......     99%         3
 Mephitic Cloud           Conj/Pois/Air  #.......     99%         3
 Ozocubu's Armour         Ice            #.......     99%         3
 Stone Arrow              Conj/Erth      #.....       99%         3
 Tukima's Dance           Hex            #.......     99%         3
 Vampiric Draining        Necr           #.........   99%         3
 Animate Dead             Necr           #.........   100%        4
 Hailstorm                Conj/Ice       #.......     100%        4
 Sticky Flame             Conj/Fire      #.......     100%        4
 Summon Ice Beast         Ice/Summ       #.......     100%        4
 Agony                    Necr           #.......     100%        5
 Bolt of Magma            Conj/Fire/Erth #.........   100%        5
 Fireball                 Conj/Fire      #.........   100%        5
 Summon Demon             Summ           #.........   100%        5
 Summon Forest            Summ/Tloc      #.........   100%        5
 Summon Mana Viper        Hex/Summ       #.......     100%        5
 Conjure Ball Lightning   Conj/Air       #.........   100%        6
 Freezing Cloud           Conj/Ice/Air   #.........   100%        6
 Shadow Creatures         Summ           N/A          100%        6
 Summon Hydra             Summ           #.........   100%        7
 Dragon's Call            Summ           #.........   100%        9


Dungeon Overview and Level Annotations

Branches:
Dungeon (15/15)            Temple (1/1) D:6            Lair (6/6) D:9
  Swamp (0/4) Lair:4        Snake (0/4) Lair:4        Slime (0/5) Lair:5
    Orc (2/2) D:11            Elf (2/3) Orc:2        Vaults (0/5) D:14
 Depths (0/5) D:15        Gauntlet (visited)

Altars:
Ashenzari
Cheibriados
Dithmenos
Elyvilon
Fedhas
Gozag
Hepliaklqana
Kikubaaqudgha
Makhleb
Nemelex Xobeh
Okawaru
Qazlal
Ru
Sif Muna
Trog
Uskayaw
Vehumet
Wu Jian
Xom
Yredelemnul
Zin
The Shining One
Beogh
Jiyva

Shops:
D:4 (   D:5 [   D:10 ?   D:14 (   Orc:2 [[}?

Portals:
Trove: D:12 (give +2 shadow dragon scales)

Annotations:
Lair:5 1 runed translucent door
Orc:1 2 transporters, Maimakterion's ghost, journeyman GrFi
Orc:2 2 transporters, Teryn's ghost, journeyman DsAK
Elf:2 2 runed translucent doors


Innate Abilities, Weirdness & Mutations

You are small and have problems with some larger weapons.
You are somewhat resistant to further mutation.
Your spells are a little easier to cast, but a little less powerful.


Message History

The +1 morningstar of draining is lightly damaged.
The +1 morningstar of draining hits you!
* * * LOW HITPOINT WARNING * * *
You feel drained.
* * * LOW HITPOINT WARNING * * *
You closely miss the +1 morningstar of draining.
The +1 morningstar of draining is lightly damaged.
You block the +1 morningstar of draining's attack.
You completely miss the +1 morningstar of draining.
The +1 morningstar of draining is lightly damaged.
The +1 morningstar of draining barely misses you.
You barely miss the +1 morningstar of draining.
The +1 morningstar of draining is lightly damaged.
You closely miss the +1 morningstar of draining.
The +1 morningstar of draining is lightly damaged.
The +1 morningstar of draining closely misses you.
You puncture the +1 morningstar of draining!
The +1 morningstar of draining is moderately damaged.
The +1 morningstar of draining hits you!
You die...

....'............................
...####..........................
..## #..#####..#####.####..####.
.## #..# #..# ##'####++####' ##
#..# #..# ##...##......<. #..#
#..# #.....#.....)..
#..#####..###..............
#...........'.....#.....)..
#...........'....##........
#.###.####(##...####....#..
#######'###.####@##...# ##...##.
#........##...##.####.# ###.###
..........#.#..#..###.#######.###
........###.....................#
........#...........#.........#..
........#..#.#...#.##........###.
........#.###########.......#.###
....#''##..#.#)..#(##).(.....###.
....#..##...........#.)().)...#..
....#...##...#.....).)(#(........
....'....#..###.....)((##.#...#.#


You could see a +1 morningstar of draining.

Vanquished Creatures
  Jorgrun (Orc:1)
  Nessos (Orc:2)
  An entropy weaver (shapeshifter) (D:15)
  A deep elf annihilator (Elf:1)
  A deep elf demonologist (Elf:1)
  A minotaur (Gauntlet)
  A death ooze (Gauntlet)
  A great orb of eyes (D:15)
  4 vault guards (D:14)
  8 hydras
  Harold (D:7)
  A tengu warrior (D:14)
  A centaur warrior (D:14)
  5 dancing weapons (Elf:1)
  8 death yaks
  A two-headed ogre (D:13)
  7 deep elf knights
  A glowing orange brain (D:15)
  3 unseen horrors
  A lindwurm (Lair:5)
  A wizard (D:14)
  10 deep elf archers
  5 orc knights
  44 deep elf magi
  A harpy (D:15)
  10 ugly things (D:15)
  An orc sorcerer (Orc:1)
  4 slime creatures
  2 cyclopes (D:15)
  A worldbinder (Gauntlet)
  15 elephants
  5 centaur zombies
  Maurice (Orc:2)
  A rust devil (Gauntlet)
  6 black mambas
  3 manticores
  9 cane toads
  2 gargoyles
  A cane toad (shapeshifter) (D:15)
  A rime drake (Lair:6)
  A yaktaur (D:14)
  A guardian mummy (D:12)
  7 komodo dragons
  4 tengu conjurers
  5 trolls
  A meliai (D:15)
  3 polar bears
  2 hornets
  3 blink frogs (Lair:5)
  6 dream sheep (Lair:5)
  9 hippogriffs
  A spriggan (Lair:5)
  2 shadows
  An air elemental (Elf:1)
  A centaur simulacrum (D:12)
  2 wyverns
  2 vampires
  A water elemental (Elf:1)
  A ynoxinul (Gauntlet)
  Eustachio (D:3)
  20 yaks
  A golden eye (shapeshifter) (D:15)
  A basilisk (D:14)
  A fire elemental (Elf:1)
  3 wraiths
  Grum (D:9)
  3 vampire mosquitoes (D:12)
  Menkaure (D:6)
  2 wargs
  4 swamp worms (Lair:4)
  19 water moccasins
  A soldier ant (D:13)
  2 acid dragons (D:14)
  4 porcupines
  37 orc warriors
  5 ice beasts
  Duvessa (D:4)
  5 black bears
  2 eyes of draining
  5 phantoms
  2 sky beasts
  2 necrophages
  12 wolves
  5 ogres
  3 boggarts (Gauntlet)
  22 centaurs
  9 crocodiles
  3 big kobolds
  15 bullfrogs
  A wyvern zombie (D:6)
  Dowan (D:4)
  2 earth elementals
  A water moccasin zombie (D:11)
  5 scorpions
  16 killer bees
  2 electric eels (Lair:4)
  8 wights
  3 howler monkeys
  3 quasits
  3 jellies
  A bullfrog skeleton (D:11)
  19 orc priests
  8 hounds
  20 orc wizards
  5 centaur skeletons
  4 iron imps (Gauntlet)
  5 iguanas
  Natasha (D:2)
  9 worker ants
  A hound skeleton (D:7)
  A howler monkey zombie (D:9)
  A worker ant zombie (D:5)
  Robin (D:3)
  13 adders
  A shadow imp (D:6)
  2 white imps
  3 ufetubi
  An ooze (D:3)
  2 adder skeletons
  2 worms
  3 dart slugs
  7 leopard geckos
  91 orcs
  8 bats
  11 giant cockroaches
  12 goblins
  16 hobgoblins
  6 jackals
  8 quokkas
  2 ball pythons
  6 frilled lizards
  30 kobolds
  A leopard gecko zombie (D:5)
  A quokka skeleton (D:9)
  8 rats
  A butterfly (D:8)
  A crawling corpse (Elf:1)
774 creatures vanquished.

Vanquished Creatures (collateral kills)
  A deep elf death mage (Elf:1)
  A deep elf mage (Elf:1)
  4 killer bees (D:11)
  2 orc priests (D:11)
  3 orcs (D:11)
11 creatures vanquished.

Vanquished Creatures (others)
  A centaur (D:11)
  An orc (Orc:2)
  A crawling corpse (Elf:1)
  45 fungi
  77 plants
  5 withered plants
130 creatures vanquished.

Grand Total: 915 creatures vanquished

Notes
Turn   | Place    | Note
-------+----------+-------------------------------------------
     0 | D:1      | om the Halfling Fighter began the quest for the Orb.
     0 | D:1      | Reached XP level 1. HP: 15/15 MP: 1/1
    98 | D:1      | Reached XP level 2. HP: 17/20 MP: 2/2
   712 | D:1      | Reached XP level 3. HP: 24/25 MP: 3/3
  1312 | D:2      | Found a bloodstained altar of Trog.
  1593 | D:2      | Reached skill level 1 in Dodging
  1593 | D:2      | Reached XP level 4. HP: 25/30 MP: 4/4
  1825 | D:2      | Reached skill level 3 in Short Blades
  1843 | D:2      | Noticed Natasha
  1849 | D:2      | Killed Natasha
  2199 | D:3      | Reached XP level 5. HP: 32/36 MP: 5/5
  2957 | D:3      | Noticed Robin
  2973 | D:3      | Killed Robin
  2973 | D:3      | Reached XP level 6. HP: 21/42 MP: 6/6
  3327 | D:3      | Noticed a +0 dagger
  3328 | D:3      | Noticed a +0 hand axe
  3343 | D:3      | Found a hide-covered altar of Uskayaw.
  3382 | D:3      | Found a faded altar of an unknown god.
  3489 | D:3      | Found a shadowy altar of Dithmenos.
  3519 | D:4      | Noticed Eustachio
  3538 | D:3      | Killed Eustachio
  3538 | D:3      | Reached skill level 4 in Short Blades
  3538 | D:3      | Reached skill level 5 in Armour
  3941 | D:4      | Noticed Dowan
  3941 | D:4      | Noticed Duvessa
  3970 | D:4      | Killed Duvessa
  3970 | D:4      | Reached skill level 1 in Slings
  3970 | D:4      | Reached XP level 7. HP: 47/47 MP: 7/7
  4194 | D:4      | Killed Dowan
  4452 | D:4      | Reached XP level 8. HP: 51/54 MP: 8/8
  4461 | D:4      | Got a fine ring mail
  4472 | D:4      | Identified the +5 ring mail of the Past {Dex+7 SInv Stlth-}
                  | (You found it on level 4 of the Dungeon)
  4581 | D:4      | Found Nyaciepi's Weapon Emporium.
  4646 | D:5      | Entered Level 5 of the Dungeon
  5000 | D:5      | Reached skill level 5 in Short Blades
  5031 | D:5      | Found Wuxzuj's Antique Armour Emporium.
  5034 | D:5      | Bought a pair of embroidered gloves for 202 gold pieces
  5058 | D:5      | Found a stormy altar of Qazlal.
  5083 | D:5      | Found a sparkling altar of Nemelex Xobeh.
  5108 | D:5      | Found a radiant altar of Vehumet.
  5655 | D:6      | Found an ancient bone altar of Kikubaaqudgha.
  5702 | D:6      | Noticed a hornet
  5713 | D:5      | Paralysed by a hornet for 1 turns
  5717 | D:5      | Killed a hornet
  5717 | D:5      | Reached XP level 9. HP: 47/59 MP: 9/9
  6005 | D:6      | Found a sacrificial altar of Ru.
  6049 | D:6      | Found a staircase to the Ecumenical Temple.
  6060 | Temple   | Entered the Ecumenical Temple
  6347 | Temple   | Became a worshipper of Warmaster Okawaru
  6723 | Temple   | Reached skill level 5 in Slings
  6848 | Temple   | Reached skill level 6 in Short Blades
  6862 | D:6      | Reached skill level 5 in Fighting
  6923 | D:6      | Noticed Menkaure
  6942 | D:6      | Killed Menkaure
  6942 | D:6      | Reached skill level 5 in Dodging
  7290 | D:6      | Noticed an angel
  7291 | D:6      | Found a glowing silver altar of Zin.
  7343 | D:6      | Reached * piety under Okawaru
  8232 | D:7      | Got a pair of spiked gloves
  8243 | D:7      | Identified the +2 pair of gloves of Awuogg {Str+4} (You
                  | found it on level 7 of the Dungeon)
  8427 | D:7      | Reached XP level 10. HP: 67/68 MP: 10/10
  8466 | D:7      | Reached skill level 7 in Short Blades
  8798 | D:8      | Noticed Harold
  9040 | D:7      | Killed Harold
  9040 | D:7      | Reached ** piety under Okawaru
  9040 | D:7      | Reached skill level 10 in Armour
  9115 | D:8      | Found an ornate altar of the Wu Jian Council.
  9258 | D:8      | Found a basalt altar of Yredelemnul.
  9378 | D:8      | Reached skill level 8 in Short Blades
  9472 | D:8      | Found a shimmering altar of Xom.
  9592 | D:8      | Reached *** piety under Okawaru
 10358 | D:9      | Found a staircase to the Lair.
 10840 | D:9      | Found a broken altar of Ashenzari.
 10904 | D:9      | Reached **** piety under Okawaru
 10904 | D:9      | Reached XP level 11. HP: 66/75 MP: 9/11
 11003 | D:9      | Noticed Grum
 11029 | D:9      | Killed Grum
 11047 | D:9      | Reached skill level 9 in Short Blades
 11559 | D:10     | Entered Level 10 of the Dungeon
 11596 | D:9      | Received a gift from Okawaru
 11749 | D:10     | Got a pair of steaming boots
 11759 | D:10     | Identified the -6 pair of boots of Chill Winds {rPois MR+}
                  | (You found it on level 10 of the Dungeon)
 11841 | D:10     | Noticed an unseen horror
 11884 | D:10     | Killed an unseen horror
 12198 | D:10     | Found an opulent altar of Gozag.
 12224 | D:10     | Noticed Sonja
 12230 | D:10     | Noticed Sonja
 12230 | D:10     | Sonja changed into Sonja the polar bear
 12262 | D:10     | Killed Sonja the polar bear
 12397 | D:10     | Found Xunla's Magic Scroll Shoppe.
 12431 | D:10     | Bought a scroll of identify for 30 gold pieces
 12431 | D:10     | Bought a scroll of identify for 30 gold pieces
 12431 | D:10     | Bought a scroll of identify for 30 gold pieces
 12431 | D:10     | Bought a scroll of identify for 30 gold pieces
 12435 | D:10     | Reached skill level 10 in Short Blades
 12435 | D:10     | Reached skill level 10 in Dodging
 12435 | D:10     | Reached XP level 12. HP: 54/82 MP: 5/12
 12436 | D:10     | Reached skill level 13 in Short Blades
 12436 | D:10     | Reached XP level 13. HP: 58/88 MP: 5/13
 12718 | D:11     | Identified Cuekun's Disquisition on Earthen Poisoning
 12785 | D:10     | Reached skill level 14 in Short Blades
 12848 | D:11     | Received a gift from Okawaru
 13070 | Lair:1   | Entered Level 1 of the Lair of Beasts
 13912 | Lair:2   | Reached ***** piety under Okawaru
 14082 | Lair:2   | Reached skill level 1 in Evocations
 14434 | Lair:2   | Received a gift from Okawaru
 14514 | Lair:2   | HP: 6/133 [death yak (8)]
 14682 | Lair:2   | Received a gift from Okawaru
 14689 | Lair:2   | Identified a +2 pair of boots of running (Okawaru gifted it
                  | to you on level 2 of the Lair of Beasts)
 15075 | Lair:2   | Reached XP level 14. HP: 95/95 MP: 14/14
 15617 | Lair:3   | Reached skill level 1 in Invocations
 17431 | Lair:4   | Found a staircase to the Snake Pit.
 17493 | Lair:4   | Reached skill level 5 in Invocations
 17804 | Lair:3   | Reached skill level 15 in Short Blades
 18493 | Lair:4   | Reached skill level 5 in Evocations
 18895 | Lair:4   | Found a staircase to the Swamp.
 19468 | Lair:5   | Found a runed translucent door.
 19469 | Lair:5   | Found a viscous altar of Jiyva.
 19471 | Lair:5   | Found a staircase to the Slime Pits.
 19471 | Lair:5   | Noticed an acid blob
 20348 | D:11     | Received a gift from Okawaru
 20363 | D:11     | Found a staircase to the Orcish Mines.
 20442 | Orc:1    | Entered Level 1 of the Orcish Mines
 20846 | Orc:1    | Found a transporter.
 20846 | Orc:1    | Noticed Maimakterion's ghost (journeyman GrFi)
 21057 | Orc:1    | Found a transporter.
 21091 | Orc:1    | Paralysed by an orc sorcerer for 6 turns
 21116 | Orc:1    | Paralysed by an orc sorcerer for 3 turns
 21328 | Orc:1    | Found a roughly hewn altar of Beogh.
 21521 | Orc:2    | Entered Level 2 of the Orcish Mines
 21907 | Orc:1    | Received a gift from Okawaru
 21994 | Orc:2    | Noticed Nessos
 22279 | Orc:2    | Reached skill level 10 in Invocations
 22365 | Orc:2    | Noticed Maurice
 22464 | Orc:2    | Noticed Jorgrun
 22493 | Orc:1    | Killed Jorgrun
 22493 | Orc:1    | Received a gift from Okawaru
 22493 | Orc:1    | Reached XP level 15. HP: 70/101 MP: 8/22
 22944 | Orc:2    | Found a staircase to the Elven Halls.
 22996 | Orc:2    | Killed Nessos
 23098 | Orc:2    | Killed Maurice
 23450 | Orc:2    | Found a transporter.
 23452 | Orc:2    | Identified the cursed +2 great mace "Seuggeim" {distort,
                  | rF+ MR- Int+6}
 23452 | Orc:2    | Noticed an orc warlord
 23475 | Orc:2    | Received a gift from Okawaru
 23483 | Orc:2    | Found a transporter.
 23483 | Orc:2    | Noticed Teryn's ghost (journeyman DsAK)
 23484 | Orc:2    | Found a one-way gate to the infinite horrors of the Abyss.
 23545 | Orc:2    | Found Ipuoraph's Gadget Emporium.
 23545 | Orc:2    | Found Gaduyrru's Antique Armour Boutique.
 23547 | Orc:2    | Found Heleph's Antique Armour Shop.
 23549 | Orc:2    | Found Meyposch's Magic Scroll Shoppe.
 23554 | Orc:2    | Bought a bloodstained buckler for 361 gold pieces
 23556 | Orc:2    | Bought an ichor-stained chain mail for 247 gold pieces
 23576 | Orc:2    | Identified the +6 buckler "Osubb" {*Drain rElec rC+ Int+3}
                  | (You bought it in a shop on level 2 of the Orcish Mines)
 23586 | Orc:2    | Identified the +14 chain mail of Dithmenos's Reproof
                  | {Int+5} (You bought it in a shop on level 2 of the Orcish
                  | Mines)
 23626 | Orc:2    | Reached skill level 10 in Fighting
 24154 | D:12     | Reached skill level 1 in Stealth
 24630 | D:12     | Received a gift from Okawaru
 24987 | D:12     | Found a portal to a secret trove of treasure.
 25243 | D:13     | Got a sparkling golden ring
 25244 | D:13     | Identified the ring "Raot" {rElec rF+++ Int-2 SInv Stlth+}
                  | (You found it on level 13 of the Dungeon)
 26966 | D:14     | Found a sacrificial altar of Ru.
 27085 | D:14     | Received a gift from Okawaru
 27382 | D:14     | Reached skill level 5 in Stealth
 27636 | D:14     | Reached ****** piety under Okawaru
 27906 | D:14     | Received a gift from Okawaru
 27987 | D:14     | Found a gate to the Vaults.
 28052 | D:14     | Found Casup's Weapon Boutique.
 28157 | D:15     | Entered Level 15 of the Dungeon
 28391 | D:15     | Reached skill level 5 in Shields
 28391 | D:15     | Reached XP level 16. HP: 109/109 MP: 23/23
 28452 | D:15     | Found a staircase to the Depths.
 28457 | D:15     | Noticed a sphinx
 28457 | D:15     | a ghost moth changed into a sphinx
 28479 | D:15     | Noticed a quicksilver dragon
 28479 | D:15     | a sphinx changed into a quicksilver dragon
 28485 | D:15     | Noticed a frost giant
 28485 | D:15     | a quicksilver dragon changed into a frost giant
 28489 | D:15     | a frost giant changed into a stone giant
 28493 | D:15     | Noticed a fire giant
 28493 | D:15     | a stone giant changed into a fire giant
 28495 | D:15     | Noticed a shadow dragon
 28495 | D:15     | a fire giant changed into a shadow dragon
 28509 | D:15     | a shadow dragon changed into an alligator snapping turtle
 28515 | D:15     | Noticed a fire giant
 28515 | D:15     | an alligator snapping turtle changed into a fire giant
 28519 | D:15     | Noticed a frost giant
 28519 | D:15     | a fire giant changed into a frost giant
 28523 | D:15     | Noticed a fire giant
 28523 | D:15     | a frost giant changed into a fire giant
 28531 | D:15     | a fire giant changed into an alligator snapping turtle
 28535 | D:15     | Noticed a fire giant
 28535 | D:15     | an alligator snapping turtle changed into a fire giant
 28537 | D:15     | Noticed a sphinx
 28537 | D:15     | a fire giant changed into a sphinx
 28539 | D:15     | Noticed an azure jelly
 28539 | D:15     | a sphinx changed into an azure jelly
 28550 | D:15     | an azure jelly changed into an emperor scorpion
 31103 | Lair:6   | Entered Level 6 of the Lair of Beasts
 31151 | Lair:6   | Found a gate leading to a gauntlet.
 31157 | Gauntlet | Entered a Gauntlet
 31157 | Gauntlet | Found a transporter.
 31163 | Gauntlet | Found a runed translucent door.
 31167 | Gauntlet | Found a transporter.
 31175 | Gauntlet | Found a transporter.
 31177 | Gauntlet | Found a transporter.
 31186 | Gauntlet | Found a transporter.
 31202 | Gauntlet | Found a transporter.
 31212 | Gauntlet | Found a transporter.
 31222 | Gauntlet | Found a transporter.
 31237 | Gauntlet | Found a transporter.
 31251 | Gauntlet | Found a transporter.
 31295 | Gauntlet | Found a transporter.
 31311 | Gauntlet | Found a transporter.
 31314 | Gauntlet | Found a transporter.
 31325 | Gauntlet | Found a transporter.
 31786 | Gauntlet | Received a gift from Okawaru
 31795 | Gauntlet | Got an encrusted quick blade {god gift}
 31802 | Gauntlet | Identified the +5 quick blade of the Key {flame, *Contam
                  | rC++ Str+3 Dex+2} (Okawaru gifted it to you in a Gauntlet)
 31811 | Gauntlet | Got a smoking iron ring
 31812 | Gauntlet | Identified the ring of the Ant {rPois Dex+2 Stlth+} (You
                  | found it in a Gauntlet)
 31828 | Gauntlet | Gained mutation: Your spells are a little easier to cast,
                  | but a little less powerful. [mutagenic glow]
 32867 | Elf:1    | Entered Level 1 of the Elven Halls
 32868 | Elf:1    | Received a gift from Okawaru
 33126 | Elf:1    | Received a gift from Okawaru
 33187 | Elf:1    | Reached XP level 17. HP: 97/116 MP: 24/24
 33529 | Elf:1    | Received a gift from Okawaru
 33644 | Elf:1    | Identified the ring "Lydwik" {*Tele +Inv rElec Int-5 Dex+9}
                  | (You found it on level 1 of the Elven Halls)
 33803 | Elf:1    | Received a gift from Okawaru
 34128 | Elf:1    | Received a gift from Okawaru
 34184 | Elf:1    | Received a gift from Okawaru
 34351 | Elf:1    | Noticed an Ice Fiend
 34637 | Elf:1    | Identified the Collected Works on Creative Conjuration
 34814 | Elf:2    | Found a runed translucent gate.
 34815 | Elf:2    | Found a runed translucent gate.
 34828 | Elf:2    | Received a gift from Okawaru
 35090 | Elf:1    | HP: 4/117 [+1 morningstar of draining (7)]
 35095 | Elf:1    | Slain by a +1 morningstar of draining

Illustrated notes

Levels and vault maps discovered:
D:1:      nicolae_arrival_washed_ashore, layout_basic, serial_corexii_hall,
          chequers_hall_statues_wall_a, corexii_hall_statues_i,
          chequers_hall_statues_wall_a, chequers_hall_statues_wall_a
D:2:      layout_loops_ring, overflow_temple_1_default,
          minmay_goblin_kobold_house, uniq_natasha
D:3:      layout_basic, lemuel_coloured_pillars_altar, dancing_weapons_uskayaw,
          chequers_ecumenical_altar_grove, uniq_robin
D:4:      layout_rooms, serial_shops, shop, corexii_checkpoint_a,
          uniq_eustachio, uniq_duvessa
D:5:      cheibrodos_barr_body, layout_cave_pools, lemuel_round_altar,
          vehumet_altar_wand_db, kennysheep_mini, serial_shops,
          nicolae_shop_behind_doors, serial_bayou_pond_c
D:6:      layout_basic, nicolae_overflow_crystal_walls,
          kiku_gazebo_garden_becter, zin_angel, minmay_temple_entry_mist,
          uniq_menkaure
D:7:      layout_basic, grunt_ministairs_8, serial_park_tiny_pond
D:8:      layout_loops_ring, old_standard_altar, yredelemnul_altar_generic,
          xom_butterflies, uniq_harold
D:9:      layout_basic, ashenzari_conservatory_becter, lair_entry_dummy,
          uniq_grum
D:10:     layout_gridville, serial_shops, shop, grunt_gozag_breadcrumbs,
          uniq_sonja
D:11:     layout_small_grid, hiddenorc2_lemuel
D:12:     layout_basic, nicolae_trove_entry_path_of_doom
D:13:     layout_stronghold
D:14:     layout_rooms, grunt_vaults_entry_fortified, nicolae_ru_path_of_blood,
          minmay_shop_grid_forest
D:15:     gammafunk_enter_depths_forms, layout_basic,
          chequers_serial_rivers_micro_c, minmay_shattered_shrine
Temple:   jpeg_temple_island
Lair:1:   layout_loops_ring
Lair:2:   beast_lair_carwin_large_2, layout_loops_ring
Lair:3:   layout_cave_pods
Lair:4:   layout_misc_corridors, palyth_hydra_swamp_entry,
          minmay_snake_entry_six_corridors, nicolae_quartered_pool_little,
          beast_lair_carwin_7, serial_bayou_shore_a
Lair:5:   layout_layer_cave, slime_altar_2, grunt_forest_stairs_clearing
Lair:6:   grunt_lair_end_beastmaster, layout_regular_city,
          gauntlet_entry_generic, uniq_urug
Orc:1:    layout_diamond_mine, gammafunk_ghost_stat_death,
          david_defended_altar_orc
Orc:2:    st_orc_rangers, layout_caves, gammafunk_ghost_abyssal_escape,
          uniq_jorgrun, uniq_nessos, uniq_maurice
Elf:1:    hangedman_staggered_hall, layout_gridlike, minmay_elf_sorcery
Elf:2:    layout_gridlike

Skill      XL: |  1  2  3  4  5  6  7  8  9 10 11 12 13 14 15 16 17 |
---------------+----------------------------------------------------+-----
Dodging        | 1 2 3 4 5 7 10 11 12 13 14 | 14.7
Short Blades   | 3 4 5 6 8 10 13 14 15 | 15.0
Armour         | 4 5 6 7 9 10 11 13 14 | 14.0
Fighting       | 3 4 5 7 8 9 10 11 | 11.3
Shields        | 4 5 |  5.6
Slings         | 1 2 4 5 11 12 | 12.0
Evocations     | 2 5 7 8 |  8.2
Invocations    | 10 | 10.0
Stealth        | 5 |  5.0

Action                   |  1- 3 |  4- 6 |  7- 9 | 10-12 | 13-15 | 16-18 || total
-------------------------+-------+-------+-------+-------+-------+-------++-------
Melee: Rapier            |    74 |    13 |   222 |   319 |   521 |  1094 ||  2243
       Short sword       |    30 |   191 |   151 |   143 |  1747 |    93 ||  2355
 Fire: Hunting sling     |       |       |    48 |    21 |   180 |     7 ||   256
       Fustibalus        |       |       |       |       |       |   189 ||   189
Throw: Stone             |       |       |       |       |     3 |       ||     3
Invok: Heroism           |       |       |       |     2 |     6 |     3 ||    11
       Finesse           |       |       |       |       |     1 |     1 ||     2
Evoke: Wand              |       |       |     3 |     3 |    21 |     2 ||    29
       Box of beasts     |       |       |       |       |     2 |     4 ||     6
       Tin of tremorston |       |       |       |       |       |     9 ||     9
       Phial of floods   |       |       |       |       |       |     1 ||     1
  Use: Scroll            |       |       |     7 |    12 |     9 |     6 ||    34
       Potion            |       |       |     5 |     3 |     2 |     2 ||    12
 Stab: Paralysed         |       |       |       |       |     3 |       ||     3
       Sleeping          |       |       |       |       |       |     2 ||     2
Armor: Scale mail        |    42 |    49 |     2 |       |       |       ||    93
       Chain mail        |       |       |    21 |       |   206 |   285 ||   512
       Ring mail         |       |       |    68 |   150 |   312 |       ||   530
       Skin              |       |       |       |       |     3 |       ||     3
Dodge: Dodged            |    39 |    58 |   169 |   333 |  1377 |   506 ||  2482
Block: Kite shield       |    57 |    80 |   189 |   330 |   892 |       ||  1548
       Buckler           |       |       |       |       |   244 |   459 ||   703

Table legend: (Time is in decaauts)
 A = Elapsed time spent in this place.
 B = Non-inter-level travel time spent in this place.
 C = Inter-level travel time spent in this place.
 D = Time resting spent in this place.
 E = Time spent auto-exploring this place.
 F = Levels seen in this place.
 G = Mean time per level.
                   A        B        C        D        E       F      G
               +--------+--------+--------+--------+--------+-----+--------+
         Total |  32397 |  30487 |   1910 |   5970 |  17518 |  27 | 1199.9 |
       Dungeon |  18480 |  17419 |   1061 |   2799 |  10922 |  15 | 1232.0 |
        Temple |    763 |    723 |     40 |    351 |    296 |   1 |  763.0 |
          Lair |   7788 |   7237 |    551 |   1731 |   4169 |   6 | 1298.0 |
  Orcish Mines |   2634 |   2392 |    242 |    444 |   1211 |   2 | 1317.0 |
   Elven Halls |   1929 |   1915 |     14 |    441 |    701 |   2 |  964.5 |
      Gauntlet |    800 |    800 |      0 |    203 |    218 |   1 |  800.0 |
               +--------+--------+--------+--------+--------+-----+--------+

Top non-repeatable levels by time:
  Lair:4: 2184 daAuts
     D:3: 1716 daAuts
   Elf:1: 1683 daAuts
   Orc:1: 1620 daAuts
  Lair:3: 1562 daAuts
    D:15: 1552 daAuts
     D:6: 1438 daAuts
    D:11: 1411 daAuts
  Lair:2: 1394 daAuts
     D:7: 1390 daAuts
     D:9: 1381 daAuts
  Lair:5: 1254 daAuts
    D:10: 1248 daAuts
     D:1: 1243 daAuts
     D:8: 1183 daAuts
